 Dungeon Crawl Stone Soup version 0.27-b1-42-g19c61b19a5 (webtiles) character file.

Game seed: 5805071828693781141

50 vvl the Skirmisher (level 3, -4/29 HPs)
             Began as a Demonspawn Fighter on July 30, 2021.
             Slain by Grinder (5 damage)
             ... on level 3 of the Dungeon.
             The game lasted 00:03:31 (1463 turns).

vvl the Skirmisher (Demonspawn Fighter)             Turns: 1463, Time: 00:03:31

Health: -4/29      AC:  7    Str: 17    XL:     3   Next: 55%
Magic:  4/4        EV:  8    Int:  9    God:
Gold:   76         SH:  9    Dex: 12    Spells: 4/4 levels left

rFire    . . .     SeeInvis .   h - +0 spear
rCold    . . .     Faith    .   b - +0 kite shield
rNeg     . . .     Spirit   .   f - +0 ring mail
rPois    .         Reflect  .   (no helmet)
rElec    .         Harm     .   (no cloak)
rCorr    .         Rampage  .   (no gloves)
Will     .....                  m - +1 pair of boots
Stlth    +.........             (no amulet)
HPRegen  0.09/turn              l - ring of flight
MPRegen  0.09/turn              (no ring)

@: flying
A: spiny 1
a: no special abilities


You were on level 3 of the Dungeon.
You visited 1 branch of the dungeon, and saw 3 of its levels.

You collected 76 gold pieces.

Inventory:

Hand Weapons
 h - a +0 spear (weapon)
Missiles
 d - a throwing net (quivered)
Armour
 b - a +0 kite shield (worn)
 f - a +0 ring mail (worn)
 m - a +1 pair of boots (worn)
Jewellery
 l - a ring of flight (left hand)
Scrolls
 a - a scroll of silence {unknown}
 c - a scroll of fear {unknown}
 g - a scroll of teleportation {unknown}
 n - a scroll of noise {unknown}
 o - a scroll of identify {unknown}
 q - a scroll of vulnerability {unknown}
 r - a scroll of amnesia {unknown}
Potions
 e - a potion of haste
 i - 3 potions of attraction {unknown}
 j - 2 potions of degeneration {unknown}
 k - a potion of lignification {unknown}
 p - a potion of invisibility {unknown}


   Skills:
 + Level 3.2 Fighting
 + Level 3.0 Armour
 + Level 2.9 Shields
 + Level 2.2 Unarmed Combat
 + Level 1.1 Spellcasting
 + Level 0.9 Transmutations


You had 4 spell levels left.
You didn't know any spells.
Your spell library was empty.

Dungeon Overview and Level Annotations

Branches:
Dungeon (3/15)

Altars:

Annotations:
D:3 Grinder, Ijyb


Innate Abilities, Weirdness & Mutations

You are partially covered in sharp spines.


Message History

Ijyb is severely wounded.
Ijyb screams, "You nasty!
Big nasty!"
Ijyb zaps a wand.
The now-empty wand crumbles to dust.
You closely miss Ijyb.
Ijyb is severely wounded.
Grinder blinks!
Ijyb closely misses you.
You touch Ijyb but do no damage.
Ijyb is severely wounded.
Grinder blinks!
Ijyb completely misses you.
You completely miss Ijyb.
Ijyb is severely wounded.
Ijyb closely misses you.
You touch Ijyb.
Ijyb is almost dead.
Ijyb hits you with a +2 club!
You touch Ijyb.
Ijyb is almost dead.
Ijyb hits you with a +2 club.
You touch Ijyb.
Ijyb is almost dead.
Your transformation has ended.
Your +0 spear unmelds from your body.
Your +1 pair of boots unmelds from your body.
Your +0 kite shield unmelds from your body.
Your +0 ring mail unmelds from your body.
Your ring of flight unmelds from your body.
You fly up into the air.
Grinder blinks!
You block Ijyb's attack. Grinder is struck by your spines.
Grinder barely misses you.
There is a stone staircase leading up here.
You barely miss Ijyb.
Ijyb is almost dead.
You hear the slow rusting of a very distant drain.
Grinder gestures at you. You resist with significant effort.
Grinder gestures at you. Pain shoots through your body!
* * * LOW HITPOINT WARNING * * *
Ijyb hits you but does no damage. Grinder is struck by your spines.
Grinder hits you.
You die...

#....######
#.....†...#
#......# #
#...#..# ###.#
###.#..##....#
#.#.....#
#.##....#
#g##.##.....
#@##.# ####.
#5.#.# ##.†.#
#.........
#.####.... #.#
..# #.# # #.#
..#


You could see Grinder (fast) and Ijyb.

Vanquished Creatures
  An adder (D:2)
  A worm (D:2)
  2 dart slugs (D:1)
  2 ball pythons
  4 bats
  2 endoplasms (D:2)
  A giant cockroach (D:3)
  4 hobgoblins
  6 jackals
  2 frilled lizards
  2 goblins (D:1)
  4 rats (D:2)
31 creatures vanquished.

Notes
Turn   | Place    | Note
-------+----------+-------------------------------------------
     0 | D:1      | vvl the Demonspawn Fighter began the quest for the Orb.
     0 | D:1      | Reached XP level 1. HP: 18/18 MP: 1/1
    16 | D:1      | Found a faded altar of an unknown god.
    89 | D:1      | Gained mutation: You are partially covered in sharp spines.
                  | [demonic ancestry]
    89 | D:1      | Reached XP level 2. HP: 3/24 MP: 2/2
   993 | D:2      | Reached XP level 3. HP: 29/29 MP: 4/4
  1321 | D:2      | Reached skill level 1 in Spellcasting
  1428 | D:3      | Noticed Ijyb
  1432 | D:3      | Noticed Grinder
  1462 | D:3      | HP: 1/29 [Grinder/nerve-wracking pain (10)]
  1463 | D:3      | Slain by Grinder

Illustrated notes

Levels and vault maps discovered:
D:1:      psy_arrival_statuary, layout_rooms,
          ebering_ecumenical_altar_abandoned, serial_rivers,
          chequers_serial_rivers_room_a, chequers_serial_rivers_small_a,
          chequers_serial_rivers_micro_a, chequers_serial_rivers_micro_e,
          chequers_serial_rivers_small_b, chequers_serial_rivers_micro_a
D:2:      layout_rooms, grunt_ministairs_9
D:3:      layout_rooms, mainiacjoe_overflow_small_starburst,
          ebering_ghost_sewer_d, serial_shops, shop, portal_sewer_entry_b,
          uniq_grinder, uniq_jessica, uniq_ijyb, uniq_sigmund

Skill      XL: |  1  2  3 |
---------------+----------+-----
Unarmed Combat | 2 |  2.2
Spellcasting   | 1 |  1.1
Armour         | 3 |  3.0
Fighting       | |  3.2
Shields        | |  2.9
Transmutations | |  0.9

Action                   || total
-------------------------++-------
Melee: Unarmed           ||    63
       Spear             ||    52
  Use: Potion            ||     1
Armor: Scale mail        ||    20
       Ring mail         ||    17
       Skin              ||     4
Dodge: Dodged            ||    30
Block: Kite shield       ||    44
